 Dungeon Crawl Stone Soup version 0.28-a0-804-g60983d4ba9 (webtiles) character file.

Game seed: 9043260447458717399

133 cheechan the Chopper (level 4, -5/36 HPs)
             Began as a Demonspawn Chaos Knight on Nov 7, 2021.
             Was a Plaything of Xom.
             Slain by a swamp worm (glowing shapeshifter) (18 damage)
             ... on level 3 of the Dungeon.
             The game lasted 00:09:24 (2114 turns).

cheechan the Chopper (Demonspawn Chaos Knight)      Turns: 2114, Time: 00:09:25

Health: -5/36      AC:  7    Str: 13    XL:     4   Next: 94%
Magic:  4/4        EV: 12    Int: 14    God:    Xom [..*...]
Gold:   97         SH:  0    Dex: 12    Spells: 3/3 levels left

rFire   . . .      SeeInvis .   a - +0 hand axe (chaos)
rCold   . . .      Faith    .   (no shield)
rNeg    . . .      Spirit   .   b - +3 leather armour
rPois   .          Reflect  .   (no helmet)
rElec   .          Harm     .   (no cloak)
rCorr   .          Rampage  .   (no gloves)
Will    .....                   (no boots)
Stlth   +.........              e - amulet of the acrobat
HPRegen 0.12/turn               (no ring)
MPRegen 0.09/turn               (no ring)

@: no status effects
A: rugged brown scales 1, ignite blood 1
a: Renounce Religion


You were on level 3 of the Dungeon.
You worshipped Xom.
You were a toy of Xom.
You visited 1 branch of the dungeon, and saw 3 of its levels.

You collected 97 gold pieces.

Inventory:

Hand Weapons
 a - a +0 hand axe of chaos (weapon)
Missiles
 c - 52 bolts
 d - 21 arrows
Armour
 b - a +3 leather armour (worn)
Jewellery
 e - an amulet of the acrobat (around neck)
Potions
 f - a potion of brilliance
 g - a potion of might {unknown}
 h - 2 potions of lignification {unknown}
 i - a potion of degeneration {unknown}
 j - a potion of cancellation {unknown}
 k - a potion of heal wounds {unknown}


   Skills:
 + Level 3.4 Fighting
 + Level 3.8 Axes
 + Level 2.5 Armour
 + Level 2.2 Dodging
 + Level 0.3 Stealth


You had 3 spell levels left.
You didn't know any spells.
Your spell library contained the following spells:

 Spells                   Type           Power      Damage    Failure   Level
 Shock                    Conj/Air       0%         1d3       36%         1
 Swiftness                Air            0%         N/A       73%         3
 Airstrike                Air            0%         N/A       98%         4
 Fireball                 Conj/Fire      0%         3d3       100%        5
 Iskenderun's Battlesphe  Conj           0%         2d6       100%        5
 Conjure Ball Lightning   Conj/Air       0%         3x3d6     100%        6
 Orb of Destruction       Conj           0%         N/A       100%        7


Dungeon Overview and Level Annotations

Branches:
Dungeon (3/15)

Altars:
Wu Jian


Innate Abilities, Weirdness & Mutations

You are partially covered in rugged brown scales. (AC +1, +3% HP)
Your demonic aura sometimes causes spilled blood to erupt in flames.


Message History

You hit the giant cockroach but do no damage.
The giant cockroach changes into a glowing shapeshifter!
Xom roars with laughter!
The glowing shapeshifter changes into a swamp worm!
The gnoll misses you.
Press: ? - help, v - describe, . - travel
Here: a swamp worm shaped shifter The floor.
You aren't carrying any scrolls.
Okay, then.
You barely miss the gnoll.
The gnoll is heavily wounded.
You barely miss the swamp worm.
The gnoll hits you from afar with a +0 spear.
The swamp worm barely misses you. The gnoll hits you but does no damage.
You barely miss the gnoll.
The gnoll is heavily wounded.
You barely miss the swamp worm.
The gnoll hits you from afar with a +0 spear.
The swamp worm barely misses you.
You slash the gnoll! You burn the gnoll.
You kill the gnoll!
You closely miss the swamp worm. The swamp worm closely misses you.
The gnoll barely misses you.
The swamp worm bites you but does no damage.
The gnoll hits you but does no damage. The swamp worm closely misses you.
You hit the gnoll. Lightning courses through the gnoll!
The gnoll is almost dead.
You hit the swamp worm but do no damage.
You drain the swamp worm. The gnoll hits you with a +0 spear.
The swamp worm bites you but does no damage.
The gnoll hits you with a +0 spear.
You closely miss the gnoll.
The gnoll is almost dead.
You hit the swamp worm. You freeze the swamp worm.
The swamp worm barely misses you. The gnoll hits you with a +0 spear.
The swamp worm bites you!!
Ouch! That really hurt!
You die...
Xom roars with laughter!

.>....
...##...................#
#..............#...##..#
#.............#.........
#..##.............#. J..
.............###...... .
....................
###.#......###.#...
#..##))†.......#. #...
#@w#...###..
..##.g....(## .#
#........# .....##...#
###...##..... ....##....#
.....# ...# ...#### ..#


You could see a swamp worm shaped shifter (drained) and a gnoll.

Vanquished Creatures
  A hound (D:3)
  2 gnolls
  2 adders
  A worm (D:2)
  3 dart slugs
  An orc (D:3)
  5 endoplasms
  3 giant cockroaches
  5 goblins
  4 hobgoblins
  4 quokkas
  5 ball pythons
  10 bats
  3 frilled lizards
  3 kobolds
  4 rats
56 creatures vanquished.

Notes
Turn   | Place    | Note
-------+----------+-------------------------------------------
     0 | D:1      | cheechan the Demonspawn Chaos Knight began the quest for
                  | the Orb.
     0 | D:1      | Reached XP level 1. HP: 18/18 MP: 1/1
     7 | D:1      | XOM: divination: magic mapping
   125 | D:1      | Reached skill level 1 in Dodging
   233 | D:1      | Gained mutation: You are partially covered in rugged brown
                  | scales. (AC +1, +3% HP) [demonic ancestry]
   233 | D:1      | Reached XP level 2. HP: 17/24 MP: 2/2
   473 | D:1      | XOM: noise
   486 | D:1      | XOM: noise
   814 | D:1      | Gained mutation: Your demonic aura sometimes causes spilled
                  | blood to erupt in flames. [demonic ancestry]
   814 | D:1      | Reached XP level 3. HP: 20/29 MP: 3/3
   864 | D:1      | Found a faded altar of an unknown god.
  1543 | D:2      | Reached XP level 4. HP: 36/36 MP: 4/4
  1857 | D:3      | Found an ornate altar of the Wu Jian Council.
  2108 | D:3      | Noticed a glowing shapeshifter
  2108 | D:3      | a giant cockroach changed into a glowing shapeshifter
  2108 | D:3      | Noticed a swamp worm
  2108 | D:3      | a glowing shapeshifter changed into a swamp worm
  2114 | D:3      | Slain by a swamp worm (glowing shapeshifter)

Illustrated notes

Levels and vault maps discovered:
D:1:      dpeg_arrival_snail, layout_loops_ring,
          shapermc_ecumenical_altar_pompeii, minmay_pentomino_r2
D:2:      layout_loops_ring
D:3:      layout_rooms, amcnicky_altar_gilded,
          gammafunk_temple_overflow_elements

Skill      XL: |  1  2  3  4 |
---------------+-------------+-----
Dodging        | 1 2 |  2.2
Armour         | 2 |  2.5
Axes           | 3 |  3.8
Fighting       | |  3.4
Stealth        | |  0.3

Action                   |  1- 3 |  4- 6 || total
-------------------------+-------+-------++-------
Melee: Hand axe          |   148 |    42 ||   190
  Use: Scroll            |     3 |     3 ||     6
Armor: Leather armour    |    66 |    27 ||    93
Dodge: Dodged            |   137 |    67 ||   204

Table legend: (Time is in decaauts)
 A = Elapsed time spent in this place.
 B = Non-inter-level travel time spent in this place.
 C = Inter-level travel time spent in this place.
 D = Time resting spent in this place.
 E = Time spent auto-exploring this place.
 F = Levels seen in this place.
 G = Mean time per level.
                   A        B        C        D        E       F      G
               +--------+--------+--------+--------+--------+-----+--------+
         Total |   2139 |   2139 |      0 |      0 |      0 |   3 |  713.0 |
       Dungeon |   2139 |   2139 |      0 |      0 |      0 |   3 |  713.0 |
               +--------+--------+--------+--------+--------+-----+--------+

Top non-repeatable levels by time:
     D:1: 996 daAuts
     D:2: 863 daAuts
     D:3: 279 daAuts
